 Dungeon Crawl Stone Soup version 0.20-a0-901-g27f6fa8 (webtiles) character file.

37 Hook the Ducker (level 3, 0/28 HPs)
             Began as a Demonspawn Gladiator on Mar 19, 2017.
             Succumbed to an adder's poison
             ... on level 2 of the Dungeon.
             The game lasted 00:04:31 (984 turns).

Hook the Ducker (Demonspawn Gladiator)               Turns: 984, Time: 00:04:32

Health: 0/28       AC:  7    Str: 15    XL:     3   Next: 21%
Magic:  3/3        EV: 13    Int:  9    God:
Gold:   89         SH:  0    Dex: 14    Spells: 2/2 levels left

rFire    . . .     SeeInvis .   a - +0 quarterstaff
rCold    . . .     Gourm    .   b - +0 leather armour
rNeg     . . .     Faith    .   (shield currently unavailable)
rPois    .         Spirit   .   c - +0 helmet
rElec    .         Reflect  .   (no cloak)
rCorr    .         Harm     .   j - +0 pair of gloves
MR       .....                  (no boots)
Stlth    +.........             (no amulet)
Regen    0.1/turn               (no ring)
MPRegen  0.1/turn               (no ring)

@: lethally poisoned (0 -> -12)
A: hooves 1, thin metallic scales 1
a: no special abilities


You were on level 2 of the Dungeon.
You were not hungry.

You visited 1 branch of the dungeon, and saw 2 of its levels.

You collected 89 gold pieces.

Inventory:

Hand Weapons
 a - a +0 quarterstaff (weapon)
Missiles
 d - 2 throwing nets (quivered)
Armour
 b - a +0 leather armour (worn)
 c - a +0 helmet (worn)
 j - a +0 pair of gloves (worn)
Jewellery
 g - an uncursed amulet of rage {unknown}
Scrolls
 h - a scroll of noise {unknown}
 k - 2 scrolls of enchant armour {unknown}
 l - a scroll of immolation {unknown}
Potions
 e - 2 potions of agility {unknown}
 m - a potion of heal wounds {unknown}
Books
 n - a book of Misfortune

   Spells                             Type                      Level
   a - Confusing Touch                Hexes                        1
   b - Confuse                        Hexes                        3
   c - Gell's Gravitas                Translocation                3
   d - Petrify                        Transmutation/Earth          4
   e - Metabolic Englaciation         Hexes/Ice                    5
   f - Yara's Violent Unravelling     Hexes/Transmutation          5
Comestibles
 f - a bread ration
 i - a meat ration


   Skills:
 * Level 2.8 Fighting
 + Level 2.8 Staves
 - Level 1.7 Throwing
 * Level 3.3 Dodging


You had 2 spell levels left.
You didn't know any spells.

Dungeon Overview and Level Annotations

Branches:
Dungeon (2/15)

Altars:


Innate Abilities, Weirdness & Mutations

You have large cloven feet.
You are partially covered in thin metallic scales. (AC +2)


Message History

You closely miss the adder. Your kick misses the adder.
The adder is severely wounded.
* * * LOW HITPOINT WARNING * * *
You feel sick.
The adder bites you but does no damage. x2
You barely miss the adder.
The adder is severely wounded.
The adder misses you.
You barely miss the adder.
The adder is severely wounded.
* * * LOW HITPOINT WARNING * * *
You feel sick. The adder closely misses you. The adder bites you.
* * * LOW HITPOINT WARNING * * *
You miss the adder.
The adder is severely wounded.
* * * LOW HITPOINT WARNING * * *
You feel sick. The adder bites you.
* * * LOW HITPOINT WARNING * * *
You are more poisoned.
The adder poisons you!
You die...

###.............#<#....
#....................##
...#..........#.#....
.#............#.......##
...#....................
.............#.....(.#.
#...†$S....#.........
#..........#.........
.#...@......#........#
#...........##.........
............###.......#.
......................#.
................########
.................#######
........†.............##
................#####...
..............# ####


You could see an adder.

Vanquished Creatures
  An adder (D:2)
  An ooze (D:2)
  A bat (D:2)
  2 giant cockroaches (D:1)
  6 goblins (D:1)
  4 hobgoblins (D:1)
  2 kobolds (D:1)
  2 frilled lizards (D:2)
  2 rats (D:1)
21 creatures vanquished.

Notes
Turn   | Place    | Note
-------+----------+-------------------------------------------
     0 | D:1      | Hook the Demonspawn Gladiator began the quest for the Orb.
     0 | D:1      | Reached XP level 1. HP: 16/16 MP: 1/1
   298 | D:1      | Reached skill level 3 in Dodging
   298 | D:1      | Gained mutation: You are partially covered in thin metallic scales. (AC +2) [demonic ancestry]
   298 | D:1      | Reached XP level 2. HP: 22/23 MP: 2/2
   975 | D:2      | Gained mutation: You have large cloven feet. [demonic ancestry]
   975 | D:2      | Reached XP level 3. HP: 13/28 MP: 3/3
   983 | D:2      | HP: 1/28 [adder (1)]
   984 | D:2      | Succumbed to an adder's poison

Vault maps used:
D:1:      minmay_arrival_stone_box

Skill      XL: |  1 |
---------------+----+-----
Dodging        | 3 |  3.3
Fighting       | |  2.8
Staves         | |  2.8
Throwing       | |  1.7

Action                   || total
-------------------------++-------
Melee: Quarterstaff      ||    68
       Kick              ||     1
Throw: Throwing net      ||     1
 Stab: Held in net/web   ||     1
Armor: Leather armour    ||    19
Dodge: Dodged            ||    56
